 Dungeon Crawl Stone Soup version 0.29-a0-322-g68df515428 (webtiles) character file.

Game seed: 2061525455764095748

5303 heikuro the Cleaver (level 10, -3/88 HPs)
             Began as a Formicid Fighter on Apr 6, 2022.
             Was a Believer of Makhleb.
             Slain by an orc warrior
             ... wielding a +0 glaive
              (17 damage)
             ... on level 8 of the Dungeon.
             The game lasted 00:18:37 (10562 turns).

heikuro the Cleaver (Formicid Fighter)             Turns: 10562, Time: 00:18:38

Health: -3/88      AC: 14    Str: 25    XL:     10   Next: 95%
Magic:  14/14      EV:  8    Int:  8    God:    Makhleb [**....]
Gold:   551        SH:  5    Dex: 10    Spells: 9/9 levels left

rFire   . . .      SeeInvis +   D - +2 whip (venom)
rCold   . . .      Faith    .   c - +0 buckler
rNeg    . . .      Spirit   .   y - +0 chain mail
rPois   +          Reflect  .   (helmet unavailable)
rElec   .          Harm     .   n - +2 cloak {Will+}
rCorr   +          Rampage  .   (no gloves)
Will    ++...                   (no boots)
Stlth   ..........              (no amulet)
HPRegen 0.24/turn               e - +4 ring of slaying
MPRegen 0.14/turn               r - ring of resist corrosion

@: mighty
A: permanent stasis, dig shafts and tunnels, antennae 3, four strong arms, fangs
1, poison resistance, robust 1
a: Dig, Shaft Self, Renounce Religion, Minor Destruction


You were on level 8 of the Dungeon.
You worshipped Makhleb.
Makhleb was pleased with you.
You visited 2 branches of the dungeon, and saw 9 of its levels.

You collected 551 gold pieces.

Inventory:

Hand Weapons
 f - a +0 whip of flaming
 s - a +2 whip of electrocution
 D - a +2 whip of venom (weapon)
Missiles
 a - 13 poisoned darts (quivered)
 b - 2 throwing nets
 u - 3 javelins
Armour
 c - a +0 buckler (worn)
 n - a +2 cloak of willpower (worn)
 y - a +0 chain mail (worn)
Jewellery
 e - a +4 ring of slaying (left hand)
 r - a ring of resist corrosion (right hand)
 v - an amulet of faith
 C - a ring of protection from cold
Wands
 k - a wand of digging (6)
 p - a wand of acid (17)
 F - a wand of charming (3)
Scrolls
 j - a scroll of summoning {unknown}
 l - a scroll of fog {unknown}
 m - a scroll of magic mapping {unknown}
 o - a scroll of identify
 t - a scroll of blinking {unknown}
 w - 3 scrolls of enchant weapon {unknown}
 x - 2 scrolls of noise {unknown}
 z - a scroll of acquirement {unknown}
 B - 3 scrolls of fear {unknown}
 E - a scroll of holy word {unknown}
Potions
 d - 3 potions of might
 g - a potion of lignification
 h - 2 potions of heal wounds
 i - 2 potions of cancellation
 q - 4 potions of curing
 A - a potion of magic


   Skills:
 + Level 7.8 Fighting
 * Level 9.5 Axes
 + Level 7.8 Armour
 + Level 8.6 Shields
 + Level 6.3 Invocations


You had 9 spell levels left.
You didn't know any spells.
Your spell library contained the following spells:

 Spells                   Type           Power      Damage    Failure   Level
 Foxfire                  Conj/Fire      0%         2x1d4     96%         1
 Corpse Rot               Necr/Air       0%         N/A       99%         2
 Poisonous Vapours        Pois/Air       0%         N/A       99%         2
 Conjure Flame            Conj/Fire      0%         6-21      100%        3
 Gell's Gravitas          Tloc           0%         N/A       100%        3
 Inner Flame              Hex/Fire       0%         N/A       100%        3
 Lesser Beckoning         Tloc           0%         N/A       100%        3
 Teleport Other           Tloc           0%         N/A       100%        3
 Flame Wave               Conj/Fire      0%         2d4       100%        4
 Alistair's Intoxication  Tmut/Pois      0%         N/A       100%        5
 Borgnjor's Vile Clutch   Necr/Erth      0%         N/A       100%        5
 Summon Forest            Summ/Tloc      0%         N/A       100%        5
 Summon Mana Viper        Hex/Summ       0%         N/A       100%        5
 Eringya's Noxious Bog    Tmut/Pois      0%         N/A       100%        6
 Summon Cactus Giant      Summ           0%         N/A       100%        6


Dungeon Overview and Level Annotations

Branches:
Dungeon (8/15)             Temple (1/1) D:5            Lair (0/6) D:8

Altars:
Ashenzari
Cheibriados
Dithmenos
Elyvilon
Fedhas
Gozag
Hepliaklqana
Kikubaaqudgha
Makhleb
Nemelex Xobeh
Okawaru
Qazlal
Ru
Trog
Uskayaw
Vehumet
Wu Jian
Xom
Yredelemnul
Zin
The Shining One

Shops:
D:4 (

Annotations:
D:8 Joseph


Innate Abilities, Weirdness & Mutations

You cannot be hasted, slowed, berserked, paralysed or teleported.
You can dig through walls and to a lower floor.
You have a pair of large antennae on your head. (SInv)
Your four strong arms can wield two-handed weapons with a shield.
You have very sharp teeth.
Your system is resistant to poisons. (rPois)
You are robust. (+10% HP)


Message History

The orc priest is moderately wounded.
Joseph struggles against the net.
The net rips apart, and Joseph comes free!
The orc priest barely misses you.
Okay, then.
You hit Joseph.
Joseph looks as sick as possible!
Joseph is moderately wounded.
Joseph hits you but does no damage.
The orc priest hits you but does no damage.
Unknown command.
You whack the orc priest!
The orc priest looks as sick as possible!
You bite the orc priest.
You kill the orc priest!
Makhleb accepts your kill. You block Joseph's attack.
The two-headed ogre hits you with a +0 giant spiked club!!
* * * LOW HITPOINT WARNING * * *
The two-headed ogre hits you but does no damage.
The orc warrior hits you from afar with a +0 glaive.
* * * LOW HITPOINT WARNING * * *
You hit the orc.
The orc is poisoned.
You bite the orc.
You kill the orc!
Makhleb accepts your kill. Joseph hits you with a +0 quarterstaff.
* * * LOW HITPOINT WARNING * * *
The orc warrior hits you from afar with a +0 glaive.
* * * LOW HITPOINT WARNING * * *
Joseph shouts, "At last, some action!"
Joseph barely misses you.
The orc warrior hits you but does no damage.
Things that are here:
a +0 hand axe; a +0 leather armour; a +0 club You feel very mighty all of a sudden.
The two-headed ogre hits you with a +0 giant spiked club.
* * * LOW HITPOINT WARNING * * *
The two-headed ogre misses you. Joseph hits you but does no damage.
You block the orc wizard's attack.
The orc warrior hits you with a +0 glaive!
You die...

...###..##..## #.....
#..###..## #....# .##
#.## ##..###..###
....###.#####.......##
#......##..........#
####..............†#
##.#######....>..#
##O# #......... #@@#
#..######. #oo# #.## #
#o## ... ## #.. ....
##. ... #### ####..
..## ...... ....
.....# ..#. .. #..
#...#..


You could see Joseph (extremely poisoned), a two-headed ogre, an orc warrior, an
orc wizard (invisible) and an orc.

Vanquished Creatures
  Maurice (D:8)
  Grinder (D:3)
  Sigmund (D:6)
  A wyvern (D:6)
  8 yaks
  Grum (D:8)
  2 basilisks (D:8)
  4 water moccasins
  3 sky beasts
  3 ice beasts
  A black bear (D:5)
  3 ogres
  4 wolves (D:8)
  2 kobold brigands
  4 bullfrogs
  A scorpion (D:5)
  3 killer bees (D:7)
  A jelly (D:5)
  An orc priest (D:8)
  3 hounds
  An iguana (D:5)
  6 orc wizards
  Robin (D:3)
  14 gnolls
  8 adders
  A shadow imp (D:5)
  2 white imps
  A worm (D:3)
  2 dart slugs
  17 orcs
  13 ball pythons
  10 bats
  9 endoplasms
  7 giant cockroaches
  14 goblins
  13 hobgoblins
  3 jackals (D:4)
  16 kobolds
  3 quokkas
  4 frilled lizards
  5 rats
198 creatures vanquished.

Vanquished Creatures (others)
  3 fungi (D:8)
  21 plants (D:8)
24 creatures vanquished.

Grand Total: 222 creatures vanquished

Notes
Turn   | Place    | Note
-------+----------+-------------------------------------------
     0 | D:1      | heikuro the Formicid Fighter began the quest for the Orb.
     0 | D:1      | Reached XP level 1. HP: 18/18 MP: 1/1
   130 | D:1      | Reached XP level 2. HP: 24/24 MP: 2/2
   458 | D:1      | Reached XP level 3. HP: 26/29 MP: 3/3
  1106 | D:2      | Found a faded altar of an unknown god.
  1129 | D:2      | Reached XP level 4. HP: 35/37 MP: 4/4
  1150 | D:1      | Reached skill level 3 in Axes
  1542 | D:2      | Reached XP level 5. HP: 35/42 MP: 5/5
  2223 | D:3      | Noticed Robin
  2319 | D:3      | Killed Robin
  2632 | D:3      | Reached XP level 6. HP: 48/48 MP: 6/6
  2682 | D:3      | Noticed Grinder
  2694 | D:3      | HP: 2/48 [Grinder (5)]
  2695 | D:3      | Killed Grinder
  2696 | D:3      | Reached skill level 4 in Axes
  2696 | D:3      | Reached skill level 5 in Shields
  2696 | D:3      | Reached XP level 7. HP: 2/55 MP: 7/7
  3428 | D:4      | Found a radiant altar of Vehumet.
  3547 | D:4      | Found Xell's Antique Weapon Shop.
  3758 | D:4      | Noticed a water moccasin
  3766 | D:4      | Killed a water moccasin
  3767 | D:4      | Reached skill level 5 in Axes
  4201 | D:4      | Reached skill level 5 in Fighting
  4201 | D:4      | Reached skill level 5 in Armour
  4404 | D:5      | Entered Level 5 of the Dungeon
  4532 | D:5      | Found a staircase to the Ecumenical Temple.
  4546 | D:5      | Reached XP level 8. HP: 59/62 MP: 8/8
  4553 | Temple   | Entered the Ecumenical Temple
  4766 | Temple   | Became a worshipper of Makhleb the Destroyer
  4982 | D:5      | Reached skill level 1 in Invocations
  5476 | D:5      | Reached skill level 6 in Axes
  6312 | D:6      | Found a sparkling altar of Nemelex Xobeh.
  6312 | D:6      | Found a basalt altar of Yredelemnul.
  6312 | D:6      | Found an iron altar of Okawaru.
  6312 | D:6      | Found a stormy altar of Qazlal.
  6321 | D:6      | Found a glowing silver altar of Zin.
  6321 | D:6      | Found an ornate altar of the Wu Jian Council.
  6863 | D:6      | Reached XP level 9. HP: 48/69 MP: 9/11
  7367 | D:6      | Gained mutation: Your muscles are strong. (Str +2) [potion
                  | of mutation]
  7367 | D:6      | Gained mutation: You have sharp toenails. [potion of
                  | mutation]
  7368 | D:6      | Lost mutation: Your muscles are strong. (Str +2) [potion of
                  | mutation]
  7368 | D:6      | Lost mutation: You have sharp toenails. [potion of
                  | mutation]
  7368 | D:6      | Gained mutation: Your system is resistant to poisons.
                  | (rPois) [potion of mutation]
  7368 | D:6      | Gained mutation: You are robust. (+10% HP) [potion of
                  | mutation]
  7368 | D:6      | Gained mutation: You have very sharp teeth. [potion of
                  | mutation]
  7483 | D:7      | Reached * piety under Makhleb
  7503 | D:6      | Reached skill level 7 in Axes
  8172 | D:7      | Noticed Sigmund
  8265 | D:6      | Killed Sigmund
  8883 | D:7      | Reached skill level 8 in Axes
  8885 | D:7      | Reached XP level 10. HP: 66/84 MP: 13/13
  9073 | D:8      | Reached skill level 5 in Invocations
  9173 | D:8      | Reached ** piety under Makhleb
  9383 | D:8      | Noticed Maurice
  9403 | D:8      | Killed Maurice
  9500 | D:8      | Noticed Grum
  9540 | D:8      | Killed Grum
  9543 | D:8      | Reached skill level 9 in Axes
 10126 | D:8      | Found a staircase to the Lair.
 10547 | D:8      | Noticed Joseph
 10550 | D:8      | Noticed a two-headed ogre
 10562 | D:8      | Slain by an orc warrior

Illustrated notes

Levels and vault maps discovered:
D:1:      dpeg_arrival_round_b, layout_basic
D:2:      layout_basic, hellmonk_ecumenical_altar_leap_of_faith
D:3:      layout_basic, minmay_unequal, uniq_robin, uniq_grinder
D:4:      layout_loops_ring, mainiacjoe_overflow_24_doors, serial_shops,
          nicolae_take_the_stairs
D:5:      layout_gridville, minmay_temple_entry_slanted
D:6:      layout_basic, minmay_overflow_temple_hex
D:7:      layout_gridville, sigmund_army
D:8:      layout_layer_cave, minmay_lair_entry_grove, uniq_maurice, uniq_grum,
          uniq_joseph
Temple:   eino_narrow_crystal_temple

Skill      XL: |  1  2  3  4  5  6  7  8  9 10 |
---------------+-------------------------------+-----
Shields        | 4 5 6 7 8 |  8.6
Axes           | 3 4 5 6 8 9 |  9.5
Fighting       | 4 5 6 7 |  7.8
Armour         | 4 5 6 7 |  7.8
Invocations    | 2 4 6 |  6.3

Action                   |  1- 3 |  4- 6 |  7- 9 | 10-12 || total
-------------------------+-------+-------+-------+-------++-------
Melee: War axe           |    62 |    69 |       |       ||   131
       Whip              |       |    68 |   273 |   153 ||   494
       Bite              |       |       |     7 |    27 ||    34
Throw: Javelin           |       |       |     8 |     3 ||    11
       Dart              |       |       |     7 |     2 ||     9
       Throwing net      |       |       |     1 |     3 ||     4
 Abil: Dig               |       |       |     1 |     2 ||     3
  Use: Scroll            |       |       |    10 |     1 ||    11
       Potion            |       |       |     2 |     1 ||     3
Armor: Scale mail        |    33 |    75 |    23 |       ||   131
       Chain mail        |       |       |    85 |    72 ||   157
Dodge: Dodged            |    24 |    62 |   114 |    35 ||   235
Block: Buckler           |    19 |    30 |    68 |    27 ||   144

Table legend: (Time is in decaauts)
 A = Elapsed time spent in this place.
 B = Non-inter-level travel time spent in this place.
 C = Inter-level travel time spent in this place.
 D = Time resting spent in this place.
 E = Time spent auto-exploring this place.
 F = Levels seen in this place.
 G = Mean time per level.
                   A        B        C        D        E       F      G
               +--------+--------+--------+--------+--------+-----+--------+
         Total |  10591 |  10277 |    314 |   2900 |   4654 |   9 | 1176.8 |
       Dungeon |  10371 |  10064 |    307 |   2900 |   4450 |   8 | 1296.4 |
        Temple |    219 |    212 |      7 |      0 |    204 |   1 |  219.0 |
               +--------+--------+--------+--------+--------+-----+--------+

Top non-repeatable levels by time:
     D:5: 1959 daAuts
     D:8: 1679 daAuts
     D:3: 1597 daAuts
     D:1: 1240 daAuts
     D:6: 1236 daAuts
     D:7: 1027 daAuts
     D:4: 1004 daAuts
     D:2: 626 daAuts
  Temple: 219 daAuts
